BSA
MAUI TROPICS @ SO CAL HENVY
03/17/2026
 
TOP OF THE 1ST
Maui Tropics batting - Pitching for So Cal Henvy : LHP Ramiro Jiménez
Pitching: LHP Ramiro Jiménez
Batting: RHB Eugene Gill 0-0: Ball
1-0: Foul Ball, location: 2F
1-1: SINGLE (Line Drive, 56)
Batting: RHB Jesús Espinoza 0-0: Called Strike
0-1: Ball
1-1: Ball
2-1: Ball
3-1: Swinging Strike
3-2: Foul Ball, location: 2F
3-2: Strikes out swinging
Eugene Gill steals 2nd base
Batter strikes out.
Batting: RHB José Herrera 0-0: Ball
1-0: Swinging Strike
1-1: Ball
2-1: Fly out, F3 (Popup, 3SF)
Batting: RHB José Rodríguez 0-0: Foul Ball, location: 2F
0-1: Swinging Strike
0-2: Ball
1-2: Ball
2-2: Strikes out swinging
Top of the 1st over - 0 run(s), 1 hit(s), 0 error(s), 1 left on base; Maui 0 - So Cal 0
BOTTOM OF THE 1ST
So Cal Henvy batting - Pitching for Maui Tropics : RHP John Burris
Pitching: RHP John Burris
Batting: LHB Al Mills 0-0: Ball
1-0: Ball
2-0: Called Strike
2-1: Fly out, F8 (Flyball, 8LD)
Batting: SHB Miguel González 0-0: Ball
1-0: Called Strike
1-1: Swinging Strike
1-2: Ball
2-2: Ball
3-2: Foul Ball, location: 2F
3-2: Fly out, F4 (Line Drive, 4)
Batting: LHB César Valentín 0-0: SOLO HOME RUN (Flyball, 78XD), Distance : 431 ft
Batting: RHB Rubén Calderón 0-0: Called Strike
0-1: SINGLE (Line Drive, 78S)
Batting: LHB José Antonio Santiago 0-0: Ball
1-0: Swinging Strike
1-1: Foul Ball, location: 2F
1-2: Ground out 3-1 (Groundball, 34)
Bottom of the 1st over - 1 run(s), 2 hit(s), 0 error(s), 1 left on base; Maui 0 - So Cal 1
TOP OF THE 2ND
Maui Tropics batting - Pitching for So Cal Henvy : LHP Ramiro Jiménez
Batting: RHB Luis Alou 0-0: Foul Ball, location: 2F
0-1: Ball
1-1: Ball
2-1: Foul Ball, location: 2F
2-2: SOLO HOME RUN (Line Drive, 7LD), Distance : 432 ft
Batting: LHB Javier Espinoza 0-0: Called Strike
0-1: Called Strike
0-2: SINGLE (Flyball, 7S)
Batting: RHB Michael Woodruff 0-0: Fly out, F8 (Flyball, 8LXD)
Batting: RHB Richard Bankhead 0-0: Ball
1-0: Ball
2-0: Foul Ball, location: 2F
2-1: Foul Ball, location: 2F
2-2: Ball
Wild Pitch!
Javier Espinoza to second
3-2: Foul Ball, location: 2F
3-2: Strikes out swinging
Batting: LHB Luis Antonio Torres 0-0: Foul Ball, location: 2F
0-1: Ball
1-1: SINGLE (Flyball, 6MD)
Javier Espinoza to third
Runner from 3rd tries for Home, SAFE, no throw or cutoff
Batting: RHB Eugene Gill 0-0: Fielders Choice at 2nd, U4 (Groundball, 4M)
Top of the 2nd over - 2 run(s), 3 hit(s), 0 error(s), 1 left on base; Maui 2 - So Cal 1
BOTTOM OF THE 2ND
So Cal Henvy batting - Pitching for Maui Tropics : RHP John Burris
Batting: RHB Morgan Gibbon 0-0: Ball
1-0: Ball
2-0: Called Strike
2-1: Ground out 5-3 (Groundball, 5L)
Batting: SHB Ray Burgess 0-0: Ball
1-0: Ground out U3 (Groundball, 3L)
Batting: LHB Eliot Helen 0-0: Ball
1-0: Ball
2-0: Ball
3-0: Called Strike
3-1: Called Strike
3-2: SINGLE (Flyball, 78S)
Batting: SHB Derek Roach 0-0: Ball
1-0: Ball
2-0: SINGLE (Groundball, 6MD)
Eliot Helen to second
Batting: LHB Al Mills 0-0: Ball
1-0: Ball
2-0: Ball
3-0: Called Strike
3-1: Ground out 4-3 (Groundball, 4)
Bottom of the 2nd over - 0 run(s), 2 hit(s), 0 error(s), 2 left on base; Maui 2 - So Cal 1
TOP OF THE 3RD
Maui Tropics batting - Pitching for So Cal Henvy : LHP Ramiro Jiménez
Batting: RHB Jesús Espinoza 0-0: Ball
1-0: Called Strike
1-1: Ground out 5-3 (Groundball, 5L)
Batting: RHB José Herrera 0-0: Swinging Strike
0-1: Swinging Strike
0-2: Ball
1-2: SOLO HOME RUN (Flyball, 8LXD), Distance : 438 ft
Batting: RHB José Rodríguez 0-0: Ball
1-0: Foul Ball, location: 2F
1-1: Swinging Strike
1-2: Ball
2-2: Ball
3-2: Strikes out swinging
Batting: RHB Luis Alou 0-0: Called Strike
0-1: Ground out 6-3 (Groundball, 6)
Top of the 3rd over - 1 run(s), 1 hit(s), 0 error(s), 0 left on base; Maui 3 - So Cal 1
BOTTOM OF THE 3RD
So Cal Henvy batting - Pitching for Maui Tropics : RHP John Burris
Batting: SHB Miguel González 0-0: Called Strike
0-1: Ball
1-1: Ball
2-1: Swinging Strike
2-2: Foul Ball, location: 2F
2-2: Ball
3-2: Ground out 4-3 (Groundball, 34)
Batting: LHB César Valentín 0-0: Ball
1-0: Ball
2-0: Called Strike
2-1: Ball
3-1: Base on Balls
Batting: RHB Rubén Calderón 0-0: Ball
1-0: Ball
2-0: Ball
Wild Pitch!
César Valentín to second
3-0: Ground out 5-3 (Groundball, 56S)
César Valentín to third
Batting: LHB José Antonio Santiago 0-0: Called Strike
0-1: Ball
1-1: Swinging Strike
1-2: Fly out, F5 (Line Drive, 56S)
Bottom of the 3rd over - 0 run(s), 0 hit(s), 0 error(s), 1 left on base; Maui 3 - So Cal 1
TOP OF THE 4TH
Maui Tropics batting - Pitching for So Cal Henvy : LHP Ramiro Jiménez
Batting: LHB Javier Espinoza 0-0: Swinging Strike
0-1: SINGLE (Line Drive, 34D)
Batting: RHB Michael Woodruff 0-0: 2-RUN HOME RUN (Flyball, 7D), Distance : 385 ft
Batting: RHB Richard Bankhead 0-0: Ball
1-0: Foul Ball, location: 2F
1-1: Ball
2-1: Ball
3-1: Ground out 1-3 (Groundball, 15)
Batting: LHB Luis Antonio Torres 0-0: Ball
1-0: Fly out, F9 (Flyball, 89D)
Batting: RHB Eugene Gill 0-0: Foul Ball, location: 2F
0-1: SINGLE (Line Drive, 56D)
Batting: RHB Jesús Espinoza 0-0: SINGLE (Groundball, 34D)
Eugene Gill to second
Runner from 2nd tries for 3rd, OUT!
Top of the 4th over - 2 run(s), 4 hit(s), 0 error(s), 1 left on base; Maui 5 - So Cal 1
BOTTOM OF THE 4TH
So Cal Henvy batting - Pitching for Maui Tropics : RHP John Burris
Batting: RHB Morgan Gibbon 0-0: TRIPLE (Line Drive, 9LD)
Batting: SHB Ray Burgess 0-0: Ball
1-0: Foul Ball, location: 2F
1-1: Ball
2-1: Ball
3-1: Base on Balls
Batting: LHB Eliot Helen 0-0: Called Strike
0-1: Foul Ball, location: 2F
0-2: Ball
1-2: Ball
2-2: Ball
3-2: SINGLE (Groundball, 6M)
Morgan Gibbon scores
Ray Burgess to second
Batting: SHB Derek Roach 0-0: Fly out, F8 (Flyball, 89M)
Runner from 2nd tags up, SAFE at 3rd with throw
Batting: LHB Al Mills 0-0: Foul Ball, location: 2F
0-1: Fly out, F8 (Flyball, 78M)
Runner from 3rd tags up, SCORES, throw made
Batting: SHB Miguel González 0-0: Called Strike
0-1: Foul Ball, location: 2F
0-2: SINGLE (Groundball, 6MD)
Eliot Helen to second
Batting: LHB César Valentín 0-0: Ball
1-0: Foul Ball, location: 2F
1-1: Ball
2-1: Fly out, F7 (Flyball, 7M)
Bottom of the 4th over - 2 run(s), 3 hit(s), 0 error(s), 2 left on base; Maui 5 - So Cal 3
TOP OF THE 5TH
Maui Tropics batting - Pitching for So Cal Henvy : LHP Ramiro Jiménez
Pitching: RHP Jerry Good
Batting: RHB José Herrera 0-0: Called Strike
0-1: SOLO HOME RUN (Line Drive, 7D), Distance : 378 ft
Batting: RHB José Rodríguez 0-0: Ball
1-0: Called Strike
1-1: Ball
2-1: Foul Ball, location: 2F
2-2: Strikes out swinging
Batting: RHB Luis Alou 0-0: Ball
1-0: Ground out 6-3 (Groundball, 6M)
Batting: LHB Javier Espinoza 0-0: Called Strike
0-1: Ball
1-1: Swinging Strike
1-2: Strikes out swinging
Top of the 5th over - 1 run(s), 1 hit(s), 0 error(s), 0 left on base; Maui 6 - So Cal 3
BOTTOM OF THE 5TH
So Cal Henvy batting - Pitching for Maui Tropics : RHP John Burris
Pitching: RHP Junior Mateo
Batting: RHB Rubén Calderón 0-0: Foul Ball, location: 2F
0-1: Ball
1-1: Ball
2-1: Ball
3-1: Fly out, F6 (Popup, 6M)
Batting: LHB José Antonio Santiago 0-0: Called Strike
0-1: Foul Ball, location: 2F
0-2: Ground out U3 (Groundball, 3S)
Batting: RHB Morgan Gibbon 0-0: Ground out 6-3 (Groundball, 6)
Bottom of the 5th over - 0 run(s), 0 hit(s), 0 error(s), 0 left on base; Maui 6 - So Cal 3
TOP OF THE 6TH
Maui Tropics batting - Pitching for So Cal Henvy : RHP Jerry Good
Batting: RHB Michael Woodruff 0-0: Called Strike
0-1: Called Strike
0-2: Foul Ball, location: 2F
0-2: Ball
1-2: Ball
2-2: Foul Ball, location: 2F
2-2: Ball
3-2: Base on Balls
Batting: RHB Richard Bankhead 0-0: Called Strike
0-1: Swinging Strike
0-2: Fielders Choice at 2nd, 6-4 (Groundball, 6)
Batting: LHB Luis Antonio Torres 0-0: Ball
1-0: Called Strike
1-1: Foul Ball, location: 2F
1-2: Grounds into double play, U6-3 (Groundball, 6M)
Top of the 6th over - 0 run(s), 0 hit(s), 0 error(s), 0 left on base; Maui 6 - So Cal 3
BOTTOM OF THE 6TH
So Cal Henvy batting - Pitching for Maui Tropics : RHP Junior Mateo
Batting: SHB Ray Burgess 0-0: Called Strike
0-1: Swinging Strike
0-2: Foul Ball, location: 2F
0-2: Ball
1-2: Ball
2-2: Strikes out swinging
Batting: LHB Eliot Helen 0-0: Ball
1-0: Foul Ball, location: 2F
1-1: Fly out, F9 (Flyball, 89S)
Batting: SHB Derek Roach 0-0: Called Strike
0-1: Foul Ball, location: 2F
0-2: Ball
1-2: SINGLE (Groundball, 4MD)
Pinch Hitting: LHB Fernando De La Cruz 0-0: Ball
1-0: Ball
2-0: Ball
3-0: Called Strike
3-1: Called Strike
3-2: Base on Balls
Derek Roach to second
Batting: SHB Miguel González 0-0: Ball
1-0: Ground out 5-3 (Groundball, 56S)
Bottom of the 6th over - 0 run(s), 1 hit(s), 0 error(s), 2 left on base; Maui 6 - So Cal 3
TOP OF THE 7TH
Maui Tropics batting - Pitching for So Cal Henvy : RHP Jerry Good
Pitching: LHP Raúl Sandoval
Now at 2B: Fernando De La Cruz
Pinch Hitting: RHB Matt Silver 0-0: Ball
1-0: Foul Ball, location: 2F
1-1: Ball
2-1: Foul Ball, location: 2F
2-2: Ball
3-2: Foul Ball, location: 2F
3-2: Base on Balls
Pinch Hitting: RHB José Rodríguez 0-0: Called Strike
0-1: Bunt missed!
0-2: Grounds into double play, 6-4-3 (Groundball, 6)
Pinch Hitting: RHB Bo Vickers 0-0: Fly out, F4 (Popup, 8RS)
Top of the 7th over - 0 run(s), 0 hit(s), 0 error(s), 0 left on base; Maui 6 - So Cal 3
BOTTOM OF THE 7TH
So Cal Henvy batting - Pitching for Maui Tropics : RHP Junior Mateo
Pitching: RHP Todd Howell
Now at 2B: Matt Silver
Now at 3B: Bo Vickers
Now in CF: Mario Olivares
Pinch Hitting: SHB Alexandre Chabot 0-0: Swinging Strike
0-1: Called Strike
0-2: SINGLE (Groundball, 34)
Batting: RHB Rubén Calderón 0-0: Ball
1-0: Foul Ball, location: 2F
1-1: Ball
2-1: Ball
3-1: 2-RUN HOME RUN (Flyball, 78XD), Distance : 427 ft
Pitching: RHP César Rúbio
Pinch Hitting: RHB Gregg Nelson 0-0: Swinging Strike
0-1: Ball
1-1: Ball
2-1: Called Strike
2-2: Strikes out looking
Batting: RHB Morgan Gibbon 0-0: Ball
1-0: Called Strike
1-1: Fly out, F8 (Flyball, 8RS)
Batting: RHB Matthieu Vancini 0-0: Swinging Strike
0-1: Foul Ball, location: 2F
0-2: Fly out, F8 (Flyball, 8RM)
Bottom of the 7th over - 2 run(s), 2 hit(s), 0 error(s), 0 left on base; Maui 6 - So Cal 5
TOP OF THE 8TH
Maui Tropics batting - Pitching for So Cal Henvy : LHP Raúl Sandoval
Now in CF: Alexandre Chabot
Now in RF: William Richardson
Pinch Hitting: LHB Henry Huffman 0-0: Ball
1-0: Foul Ball, location: 2F
1-1: Fly out, F4 (Line Drive, 4)
Pinch Hitting: LHB Anacleto Morillo 0-0: Swinging Strike
0-1: Ball
1-1: Ball
2-1: Swinging Strike
2-2: Strikes out swinging
Pinch Hitting: RHB John Brown 0-0: Ball
1-0: Foul Ball, location: 2F
1-1: Foul Ball, location: 2F
1-2: Reached on error, E4 (Groundball, 4)
Batting: RHB Michael Woodruff 0-0: Ball
1-0: Ball
2-0: Foul Ball, location: 2F
2-1: Foul Ball, location: 2F
2-2: DOUBLE (Flyball, 89XD)
John Brown to third
Runner from 3rd tries for Home, SAFE, no throw or cutoff
Batting: RHB David Moran 0-0: Ball
1-0: Called Strike
1-1: Ball
2-1: Called Strike
2-2: Strikes out swinging passed ball, reaches first!
Michael Woodruff to third
Pinch Hitting: RHB Ximena Campos 0-0: Ball
1-0: SINGLE (Line Drive, 7S)
Michael Woodruff scores
David Moran to second
Batting: RHB Matt Silver 0-0: Ball
1-0: Swinging Strike
1-1: Ball
2-1: Called Strike
2-2: Foul Ball, location: 2F
2-2: Foul Ball, location: 2F
2-2: Strikes out swinging
Top of the 8th over - 2 run(s), 2 hit(s), 1 error(s), 2 left on base; Maui 8 - So Cal 5
BOTTOM OF THE 8TH
So Cal Henvy batting - Pitching for Maui Tropics : RHP César Rúbio
Now at 1B: Anacleto Morillo
Now at 2B: John Brown
Now in LF: Don Hull
Now in RF: Henry Huffman
Batting: LHB Eliot Helen 0-0: Ball
1-0: Ball
2-0: Swinging Strike
2-1: Ball
3-1: SINGLE (Line Drive, 6MD)
Batting: SHB Derek Roach 0-0: Called Strike
0-1: Foul Ball, location: 2F
0-2: Ball
1-2: Ball
2-2: Ball
3-2: Foul Ball, location: 2F
3-2: Base on Balls
Eliot Helen to second
Batting: LHB Fernando De La Cruz 0-0: Called Strike
0-1: Ball
1-1: Ball
2-1: DOUBLE (Line Drive, 7LS)
Eliot Helen scores
Derek Roach to third
Batting: SHB Miguel González 0-0: Called Strike
0-1: Ball
1-1: Ball
2-1: Ball
3-1: Swinging Strike
3-2: Base on Balls
Batting: SHB Alexandre Chabot 0-0: SINGLE (Groundball, 6MD)
Derek Roach scores
Fernando De La Cruz to third
Miguel González to second
Pitching: RHP Brandon Mitchell
Batting: RHB Rubén Calderón 0-0: SINGLE (Line Drive, 4D)
Fernando De La Cruz scores
Miguel González to third
Alexandre Chabot to second
Batting: RHB William Richardson 0-0: Ball
1-0: Swinging Strike
1-1: Grounds into fielders choice 5-2 (Groundball, 5)
Alexandre Chabot to third
Rubén Calderón to second
Batting: RHB Morgan Gibbon 0-0: Called Strike
0-1: Grounds into double play, 5-4-3 (Groundball, 56)
Bottom of the 8th over - 3 run(s), 4 hit(s), 0 error(s), 2 left on base; Maui 8 - So Cal 8
TOP OF THE 9TH
Maui Tropics batting - Pitching for So Cal Henvy : LHP Raúl Sandoval
Pitching: LHP Stanley Inman
Batting: LHB Mario Olivares 0-0: Called Strike
0-1: Swinging Strike
0-2: Ball
1-2: Foul Ball, location: 2F
1-2: Fly out, F8 (Flyball, 89D)
Batting: RHB Bo Vickers 0-0: Fly out, F7 (Flyball, 78M)
Batting: LHB Henry Huffman 0-0: Foul Ball, location: 2F
0-1: Ball
1-1: Ball
2-1: Ball
3-1: Fly out, F8 (Flyball, 8RS)
Top of the 9th over - 0 run(s), 0 hit(s), 0 error(s), 0 left on base; Maui 8 - So Cal 8
BOTTOM OF THE 9TH
So Cal Henvy batting - Pitching for Maui Tropics : RHP Brandon Mitchell
Pitching: RHP Yong-taek Yi
Batting: RHB Matthieu Vancini 0-0: Ball
1-0: Foul Ball, location: 2F
1-1: Ground out 1-3 (Groundball, 15)
Batting: LHB Eliot Helen 0-0: Ball
1-0: Called Strike
1-1: Foul Ball, location: 2F
1-2: Foul Ball, location: 2F
1-2: Fly out, F7 (Flyball, 78S)
Pinch Hitting: RHB Earl Wiggins 0-0: Ball
1-0: Swinging Strike
1-1: Swinging Strike
1-2: Fly out, F7 (Flyball, 78XD)
Bottom of the 9th over - 0 run(s), 0 hit(s), 0 error(s), 0 left on base; Maui 8 - So Cal 8
TOP OF THE 10TH
Maui Tropics batting - Pitching for So Cal Henvy : LHP Stanley Inman
Now at C: Earl Wiggins
Batting: LHB Anacleto Morillo 0-0: Ball
1-0: Foul Ball, location: 2F
1-1: SINGLE (Groundball, 4MD)
Batting: RHB John Brown 0-0: Bunt - Flyout! F5
Batting: RHB Michael Woodruff 0-0: Ball
1-0: Ball
2-0: Foul Ball, location: 2F
2-1: Foul Ball, location: 2F
2-2: Foul Ball, location: 2F
2-2: Foul Ball, location: 2F
2-2: Foul Ball, location: 2F
2-2: Ball
3-2: Base on Balls
Anacleto Morillo to second
Batting: RHB David Moran 0-0: Ball
1-0: Foul Ball, location: 2F
1-1: Called Strike
1-2: Ball
2-2: Strikes out swinging
Pinch Hitting: SHB Héctor Barajas 0-0: Called Strike
0-1: Ball
1-1: Ball
2-1: Called Strike
2-2: Ball
3-2: Strikes out looking
Top of the 10th over - 0 run(s), 1 hit(s), 0 error(s), 2 left on base; Maui 8 - So Cal 8
BOTTOM OF THE 10TH
So Cal Henvy batting - Pitching for Maui Tropics : RHP Yong-taek Yi
Now at SS: Héctor Barajas
Batting: LHB Fernando De La Cruz 0-0: Ball
1-0: Swinging Strike
1-1: Ball
2-1: Ball
3-1: Swinging Strike
3-2: Ground out 4-3 (Groundball, 34)
Batting: SHB Miguel González 0-0: Ball
1-0: Ball
2-0: Ground out 1-3 (Groundball, 13S)
Batting: SHB Alexandre Chabot 0-0: Foul Ball, location: 2F
0-1: Ball
1-1: Called Strike
1-2: Ball
2-2: SINGLE (Groundball, 3D)
Batting: RHB Rubén Calderón 0-0: Called Strike
0-1: Ball
1-1: Ball
2-1: Fly out, F7 (Flyball, 7M)
Bottom of the 10th over - 0 run(s), 1 hit(s), 0 error(s), 1 left on base; Maui 8 - So Cal 8
TOP OF THE 11TH
Maui Tropics batting - Pitching for So Cal Henvy : LHP Stanley Inman
Batting: RHB Matt Silver 0-0: Called Strike
0-1: Ball
1-1: Ball
2-1: Foul Ball, location: 2F
2-2: Ground out 4-3 (Groundball, 4M)
Batting: LHB Mario Olivares 0-0: Ball
1-0: Foul Ball, location: 2F
1-1: Ground out 4-3 (Groundball, 4)
Batting: RHB Bo Vickers 0-0: Foul Ball, location: 2F
0-1: Swinging Strike
0-2: Foul Ball, location: 2F
0-2: Hit by Pitch
Batting: LHB Henry Huffman 0-0: Fly out, F8 (Flyball, 8RS)
Top of the 11th over - 0 run(s), 0 hit(s), 0 error(s), 1 left on base; Maui 8 - So Cal 8
BOTTOM OF THE 11TH
So Cal Henvy batting - Pitching for Maui Tropics : RHP Yong-taek Yi
Pitching: LHP Robin Wilder
Batting: RHB William Richardson 0-0: Swinging Strike
0-1: Ball
1-1: Called Strike
1-2: Ball
2-2: Foul Ball, location: 2F
2-2: Ball
3-2: Foul Ball, location: 2F
3-2: Foul Ball, location: 2F
3-2: Base on Balls
Batting: RHB Morgan Gibbon 0-0: Sac Bunt - play at second, runner OUT! 1-6
Batting: RHB Matthieu Vancini 0-0: Called Strike
0-1: Ball
1-1: Grounds into double play, 6-4-3 (Groundball, 6)
Bottom of the 11th over - 0 run(s), 0 hit(s), 0 error(s), 0 left on base; Maui 8 - So Cal 8
TOP OF THE 12TH
Maui Tropics batting - Pitching for So Cal Henvy : LHP Stanley Inman
Batting: LHB Anacleto Morillo 0-0: Called Strike
0-1: Foul Ball, location: 2F
0-2: Ball
1-2: Strikes out looking
Batting: RHB John Brown 0-0: Called Strike
0-1: Called Strike
0-2: Strikes out looking
Batting: RHB Michael Woodruff 0-0: Called Strike
0-1: Fly out, F9 (Flyball, 9LM)
Top of the 12th over - 0 run(s), 0 hit(s), 0 error(s), 0 left on base; Maui 8 - So Cal 8
BOTTOM OF THE 12TH
So Cal Henvy batting - Pitching for Maui Tropics : LHP Robin Wilder
Batting: LHB Eliot Helen 0-0: Ball
1-0: Fly out, F6 (Popup, 6MS)
Batting: RHB Earl Wiggins 0-0: Swinging Strike
0-1: Called Strike
0-2: Ball
1-2: Ball
2-2: Strikes out swinging
Pinch Hitting: RHB Susumu Sugiyama 0-0: Ball
1-0: Called Strike
1-1: SOLO HOME RUN (Flyball, 78XD), Distance : 430 ft
Monday, December 5th, 2016 - OOTP Baseball 17.12 Build 75